 Seeded DCSS version 0.31-a0-1612-g4aaf141004 (webtiles) character file.

Game seed: 560841995258110699 (custom seed)

3 Esekla the Grave Robber (level 1, -7/13 HPs)
             Began as a Formicid Necromancer on Jan 9, 2024.
             Shot with an arrow by a centaur (10 damage)
             ... on level 9 of the Dungeon.
             The game lasted 00:10:16 (646 turns).

Esekla the Grave Robber (Formicid Necromancer)       Turns: 646, Time: 00:10:16

Health: -7/13      AC:  2    Str: 12    XL:     1   Next: 55%
Magic:  3/3        EV: 12    Int: 14    God:
Gold:   32         SH:  0    Dex: 18    Spells: 3/4 levels left

rFire   . . .        s - +6 dagger of Jeidgharr {heavy, Dex+4}
rCold   . . .        (no shield)
rNeg    . . .        a - +0 robe
rPois   .            (helmet unavailable)
rElec   .            (no cloak)
rCorr   +            (no gloves)
SInv    +            (no boots)
Will    .....        (no amulet)
Stlth   ++           e - ring of resist corrosion
HPRegen 0.22/turn    (no ring)
MPRegen 0.08/turn

%: no passive effects
@: no status effects
A: permanent stasis, dig shafts and tunnels, antennae 3, four strong arms
a: Dig, Shaft Self


You were on level 9 of the Dungeon.
You visited 1 branch of the dungeon, and saw 7 of its levels.

You collected 79 gold pieces.
You spent 47 gold pieces at shops.

Inventory:

Hand Weapons
 s - the +6 dagger of Jeidgharr (weapon) {heavy, Dex+4}
   (You found it on level 3 of the Dungeon)

   Dex+4:     It affects your dexterity (+4).
Missiles
 f - 10 poisoned darts
Armour
 a - a +0 robe (worn)
Jewellery
 e - a ring of resist corrosion (left hand)
Scrolls
 h - 2 scrolls of amnesia {unknown}
 j - a scroll of noise {unknown}
 l - a scroll of identify {unknown}
Potions
 b - a potion of magic
 c - a potion of lignification {unknown}
 d - 2 potions of experience {unknown}
 g - a potion of haste {unknown}
 i - a potion of curing {unknown}
 k - a potion of enlightenment {unknown}


   Skills:
 + Level 1.7 Dodging
 + Level 2.4 Stealth
 + Level 2.1 Spellcasting
 + Level 4.2 Necromancy


You had 3 spell levels left.
You knew the following spells:

 Your Spells              Type           Power      Damage    Failure   Level
a - Necrotise             Necr           52%        1d6       4%          1

Your spell library contained the following spells:

 Spells                   Type           Power      Damage    Failure   Level
 Vampiric Draining        Necr           13%        2d6       13%         3
 Animate Dead             Necr           13%        N/A       38%         4
 Curse of Agony           Necr           13%        N/A       75%         5


Dungeon Overview and Level Annotations

Branches:
Dungeon (9/15)             Temple (0/1) D:7
   Lair: D:8-11         Orc: D:9-12

Altars:
Gozag

Shops:
D:6 *


Innate Abilities, Weirdness & Mutations

You cannot be hasted, slowed, berserked, paralysed or teleported.
You can dig through walls and to a lower floor.
You have a pair of large antennae on your head. (SInv)
Your four strong arms can wield two-handed weapons with a shield.


Message History

You start waiting.
You sense a monster nearby.
The kobold hits you but does no damage.
You hit the kobold.
You kill the kobold!
f - 10 poisoned darts (gained 7)
Things that are here:
a +0 short sword; a +0 ring mail
Things that are here:
a +0 dagger; 2 stones; a kobold corpse
Found a stone staircase leading up.
There is a stone staircase leading up here.
You climb upwards.
There is a stone staircase leading down here.
A centaur comes into view.
Found a scroll labelled ZIM RYCOIM.
Found 18 gold pieces.
Found a leather armour.
You now have enough gold to buy a scroll labelled ZESHRIXT RARHI on D:6.
You can access your shopping list by pressing '$'.
You now have 32 gold pieces (gained 18).
A white imp comes into view.
Found a scroll labelled ZESHRIXT RARHI.
l - a scroll labelled ZESHRIXT RARHI
There is a stone staircase leading down here.
You climb downwards.
There is a stone staircase leading up here.
Found a stone staircase leading up.
Found a robe.
A centaur comes into view.
The centaur shouts!
The centaur wields a +0 shortbow.
The centaur shoots an arrow.
The arrow hits you!
Ouch! That really hurt!
* * * LOW HITPOINT WARNING * * *
The centaur shoots an arrow.
The arrow closely misses you.
There is a stone staircase leading up here.
The centaur shoots an arrow.
The arrow hits you!
Ouch! That really hurt!
You die...

....<.........##..#
...............##...
..................#
..................#
#[....#.......###.#
##........>#(.###.#
#..####.#....#..[.#
#..###.#............####
#.c....@.......<..###
#...####.#..#.#...# .
#....##....##
#...##...### ..###...##
#.. #.#.# ... .... ....
....


You could see a centaur.

Vanquished Creatures
  An orc (D:6)
  2 kobolds (D:9)
3 creatures vanquished.

Notes
Turn   | Place    | Note
-------+----------+-------------------------------------------
     0 | D:1      | Esekla the Formicid Necromancer began the quest for the
                  | Orb.
     0 | D:1      | Reached XP level 1. HP: 13/13 MP: 3/3
    27 | D:1      | You fall into a shaft and drop 1 floor!
    30 | D:2      | You fall into a shaft and drop 1 floor!
    33 | D:3      | Identified the +6 dagger of Jeidgharr {heavy, Dex+4}
    51 | D:3      | You fall into a shaft and drop 3 floors!
    51 | D:6      | Found an opulent altar of Gozag.
    56 | D:6      | Found Bisonib's Assorted Antiques.
    67 | D:6      | Noticed a scorpion
    91 | D:6      | Noticed a black bear
   123 | D:6      | Noticed a sleepcap
   375 | D:7      | Found a staircase to the Ecumenical Temple.
   549 | D:6      | Bought a scroll labelled IJEPLA PUATE for 25 gold pieces
   549 | D:6      | Bought a smoky silvery potion for 22 gold pieces
   552 | D:6      | Noticed a scorpion
   554 | D:6      | Noticed an iguana
   557 | D:6      | You fall into a shaft and drop 3 floors!
   588 | D:8      | Noticed a centaur
   644 | D:9      | Noticed a centaur
   646 | D:9      | Shot with an arrow by a centaur

Illustrated notes

Levels and vault maps discovered:
D:1:      ncdulo_smallfort, layout_loops_cross
D:2:      layout_loops_cross, ebering_ecumenical_altar_sacrificial
D:3:      minmay_skewed_foursquare, layout_basic, serial_bayou_pond_a
D:6:      layout_layer_cave, grunt_gozag_statues, serial_shops, shop,
          uniq_crazy_yiuf_cottage
D:7:      layout_rooms, minmay_temple_entry_overgrown
D:8:      layout_basic, uniq_joseph, uniq_maggie
D:9:      layout_rooms, erik_lair_orcish_takeover, uniq_harold

Action                     || total
---------------------------++-------
  Melee: Dagger            ||     4
Ability: Shaft Self        ||     4
 Armour: Robe              ||     4
  Dodge: Dodged            ||     2

Table legend: (Time is in decaauts)
 A = Elapsed time spent in this place.
 B = Non-inter-level travel time spent in this place.
 C = Inter-level travel time spent in this place.
 D = Time resting spent in this place.
 E = Time spent auto-exploring this place.
 F = Levels seen in this place.
 G = Mean time per level.
                   A        B        C        D        E       F      G
               +--------+--------+--------+--------+--------+-----+--------+
         Total |    646 |    646 |      0 |      2 |      0 |   7 |   92.3 |
       Dungeon |    646 |    646 |      0 |      2 |      0 |   7 |   92.3 |
               +--------+--------+--------+--------+--------+-----+--------+

Top non-repeatable levels by time:
     D:6: 465 daAuts
     D:8: 48 daAuts
     D:9: 41 daAuts
     D:7: 40 daAuts
     D:1: 27 daAuts
     D:3: 20 daAuts
     D:2: 2 daAuts
